 Dungeon Crawl Stone Soup version 0.21.1-1-g345015fe64 (webtiles) character file.

4133 Lusmu the Slicer (level 10, -5/65 HPs)
             Began as a Tengu Artificer on Apr 26, 2018.
             Was a Priest of Nemelex Xobeh.
             Slain by a two-headed ogre
             ... wielding a +0 giant spiked club
              (15 damage)
             ... on level 8 of the Dungeon.
             The game lasted 00:36:17 (9735 turns).

Lusmu the Slicer (Tengu Artificer)                  Turns: 9735, Time: 00:36:17

Health: -5/65      AC:  8    Str: 13    XL:     10   Next: 27%
Magic:  11/13      EV: 18    Int: 13    God:    Nemelex Xobeh [***...]
Gold:   434        SH:  0    Dex: 18    Spells: 7/9 levels left

rFire    . . .     SeeInvis .   E - +2 dagger (flame)
rCold    . . .     Gourm    .   (no shield)
rNeg     . . .     Faith    .   C - +0 ring mail
rPois    .         Spirit   .   (helmet restricted)
rElec    .         Reflect  .   a - +0 cloak
rCorr    .         Harm     .   t - +0 pair of gloves
MR       +....                  (boots unavailable)
Stlth    ++++......             r - amulet of regeneration
HPRegen  0.60/turn              o - ring of protection from magic
MPRegen  0.13/turn              v - +4 ring of evasion

@: about to teleport, flying quickly and evasively, quick
A: beak, talons 3, rugged brown scales 1, agile 1, able to fly 1
a: Triple Draw, Renounce Religion


You were on level 8 of the Dungeon.
You worshipped Nemelex Xobeh.
Nemelex Xobeh was most pleased with you.
You were hungry.

You visited 2 branches of the dungeon, and saw 9 of its levels.

You collected 434 gold pieces.

Inventory:

Hand Weapons
 E - a +2 dagger of flaming (weapon)
Missiles
 z - 10 poisoned needles
 F - 6 needles of paralysis
 K - 5 tomahawks (quivered)
 N - a throwing net
 P - 7 exploding tomahawks
Armour
 a - a +0 cloak (worn)
 t - a +0 pair of gloves (worn)
 A - +0 gold dragon scales
 C - a +0 ring mail (worn)
Jewellery
 h - an uncursed amulet of rage
 o - a ring of protection from magic (left hand)
 r - an amulet of regeneration (around neck)
 v - a +4 ring of evasion (right hand)
Wands
 c - a wand of flame (27)
 d - a wand of enslavement (15)
 e - a wand of random effects (37)
 s - a wand of clouds (2)
 J - a wand of iceblast (7)
 L - a wand of disintegration (11)
 O - a wand of digging (16)
Scrolls
 b - a scroll of identify
 g - 2 scrolls of enchant weapon
 m - a scroll of remove curse
 n - 2 scrolls of fog
 p - 2 scrolls of magic mapping
 w - 2 scrolls of teleportation
 D - a scroll of immolation
 M - a scroll of blinking
Potions
 i - 2 potions of flight
 j - 3 potions of brilliance
 k - 2 potions of resistance
 l - 2 potions of heal wounds
 q - a potion of curing
 x - 2 potions of haste
Books
 H - a book of Maledictions

   Spells                             Type                      Level
   a - Corona                         Hexes                        1
   b - Ensorcelled Hibernation        Hexes/Ice                    2
   c - Confuse                        Hexes                        3
   d - Tukima's Dance                 Hexes                        3
   e - Dazzling Spray                 Conjuration/Hexes            3
Miscellaneous
 u - a plain deck of escape
 y - an ornate deck of summoning {drawn: 1}
 B - a plain deck of summoning {drawn: 3}
 G - a plain deck of destruction {drawn: 4}
 I - a plain deck of summoning
Comestibles
 f - 7 rations


   Skills:
 + Level 7.9 Fighting
 + Level 9.5 Short Blades
 - Level 2.1 Dodging
 + Level 9.5 Stealth
 - Level 3.0 Evocations


You had 7 spell levels left.
You knew the following spells:

 Your Spells              Type           Power        Failure   Level  Hunger
a - Ensorcelled Hibernat  Hex/Ice        #.....       71%         2    ###....


Dungeon Overview and Level Annotations

Branches:
Dungeon (8/15)             Temple (1/1) D:6
   Lair: D:8-11

Altars:
Ashenzari
Cheibriados
Dithmenos
Elyvilon
Fedhas
Gozag
Hepliaklqana
Kikubaaqudgha
Makhleb
Nemelex Xobeh
Okawaru
Qazlal
Ru
Sif Muna
Trog
Vehumet
Wu Jian
Xom
Yredelemnul
Zin
The Shining One

Shops:
D:3 *   D:6 }

Annotations:
D:2 Sigmund


Innate Abilities, Weirdness & Mutations

You have a beak for a mouth.
You have claws for feet.
You can fly.
You are partially covered in rugged brown scales. (AC +1, +3% HP)
You are agile. (Dex +2)


Message History

The two-headed ogre hits you with a giant spiked club!
The two-headed ogre barely misses you.
The two-headed ogre hits you but does no damage.
The two-headed ogre barely misses you.
Evoke which item? (* to show all) (? for menu, Esc to quit)
Okay, then.
As you read the scroll of teleportation, it crumbles to dust.
You feel strangely unstable. The two-headed ogre barely misses you.
The two-headed ogre hits you with a great mace.
The two-headed ogre hits you with a giant spiked club!
* * * LOW HITPOINT WARNING * * *
The two-headed ogre hits you with a great mace!
* * * LOW HITPOINT WARNING * * *
Okay, then.
Okay, then.
As you read the scroll of remove curse, it crumbles to dust.
You feel as if something is helping you.
The two-headed ogre hits you with a giant spiked club!
You die...
Your body glows slightly and disappears.

##......## ##........##
#..........# #..........#
#.....%....# #..........#
#..........#
###############........##
...............O@......##
##############..........#
########..........#
#######............>....#
#.......######..........#
#.####### #..........#
#.# ##........## ..#
#########......## ######
#.....# #.###.##


You could see a two-headed ogre.

Vanquished Creatures
  Pikel (D:6)
  An ugly thing (D:8)
  A hornet (D:8)
  A hippogriff (D:7)
  2 sky beasts (D:8)
  A slave (D:6)
  An orc warrior (D:8)
  3 ice beasts
  A necrophage (D:8)
  A black bear (D:8)
  6 ogres
  A centaur (D:7)
  Blork the orc (D:4)
  A bullfrog (D:8)
  2 scorpions
  2 killer bees (D:8)
  2 crimson imps
  A quasit (D:8)
  A hound (D:7)
  2 jellies
  2 orc priests
  A gnoll shaman (D:6)
  A centaur skeleton (D:6)
  6 orc wizards
  Terence (D:2)
  6 worker ants
  A hound skeleton (D:8)
  A howler monkey zombie (D:7)
  4 gnolls
  5 adders
  A shadow imp (D:7)
  2 oozes
  3 adder zombies (D:7)
  2 adder skeletons (D:4)
  A worm (D:4)
  4 dart slugs (D:1)
  A leopard gecko (D:2)
  26 orcs
  2 giant cockroaches
  10 goblins
  11 hobgoblins
  6 jackals
  2 quokkas
  3 ball pythons
  8 bats
  6 frilled lizards
  A kobold (D:1)
  8 rats
157 creatures vanquished.

Vanquished Creatures (collateral kills)
  Eustachio (D:4)
  Menkaure (D:7)
  A bullfrog (D:8)
  2 killer bees (D:8)
  An orc priest (D:8)
  2 howler monkey zombies (D:8)
  An adder skeleton (D:4)
  2 leopard geckos
  5 orcs
  A quokka (D:8)
17 creatures vanquished.

Vanquished Creatures (others)
  An ogre (D:8)
  2 killer bees (D:8)
3 creatures vanquished.

Grand Total: 177 creatures vanquished

Notes
Turn   | Place    | Note
-------+----------+-------------------------------------------
     0 | D:1      | Lusmu the Tengu Artificer began the quest for the Orb.
     0 | D:1      | Reached XP level 1. HP: 12/12 MP: 4/4
   130 | D:1      | Noticed a centaur
   193 | D:1      | Reached XP level 2. HP: 14/16 MP: 5/5
   637 | D:1      | Reached XP level 3. HP: 4/21 MP: 6/6
  2036 | D:2      | Found a faded altar of an unknown god.
  2037 | D:2      | Noticed Sigmund
  2222 | D:2      | Found a blossoming altar of Fedhas.
  2230 | D:2      | Found an ancient bone altar of Kikubaaqudgha.
  2450 | D:2      | Reached XP level 4. HP: 20/26 MP: 7/7
  2916 | D:2      | Noticed Terence
  2927 | D:2      | Killed Terence
  3042 | D:2      | Gained mutation: You can fly. [Tengu growth]
  3042 | D:2      | Reached XP level 5. HP: 29/31 MP: 8/8
  3223 | D:3      | Found Zin's Purification Station.
  3225 | D:3      | Found a glowing silver altar of Zin.
  3616 | D:3      | Found a sparkling altar of Nemelex Xobeh.
  3629 | D:3      | Found a snail-covered altar of Cheibriados.
  3723 | D:3      | Became a worshipper of Nemelex Xobeh the Trickster
  3759 | D:3      | Received a gift from Nemelex Xobeh
  3949 | D:4      | Noticed an ogre
  3962 | D:4      | Killed an ogre
  3992 | D:4      | Noticed Blork the orc
  3997 | D:4      | Killed Blork the orc
  3997 | D:4      | Reached XP level 6. HP: 37/37 MP: 9/9
  4078 | D:4      | Noticed Eustachio
  4083 | D:4      | Killed Eustachio
  4495 | D:4      | Reached * piety under Nemelex Xobeh
  4610 | D:4      | Received a gift from Nemelex Xobeh
  4732 | D:5      | Entered Level 5 of the Dungeon
  4779 | D:5      | Reached XP level 7. HP: 25/43 MP: 10/10
  5066 | D:5      | Found an opulent altar of Gozag.
  5138 | D:5      | Reached skill level 5 in Short Blades
  5138 | D:5      | Reached skill level 5 in Stealth
  5986 | D:6      | Reached skill level 5 in Fighting
  6173 | D:6      | Reached XP level 8. HP: 42/49 MP: 11/11
  6249 | D:6      | Reached ** piety under Nemelex Xobeh
  6258 | D:6      | Found a radiant altar of Vehumet.
  6423 | D:5      | Gained mutation: You are partially covered in rugged brown scales. (AC +1, +3% HP) [potion of mutation]
  6423 | D:5      | Gained mutation: You are agile. (Dex +2) [potion of mutation]
  6432 | D:6      | Found Imexe's Gadget Shoppe.
  6489 | D:6      | Found a deep blue altar of Sif Muna.
  6515 | D:6      | Received a gift from Nemelex Xobeh
  6564 | D:6      | Learned a level 2 spell: Ensorcelled Hibernation
  6573 | D:6      | Found a staircase to the Ecumenical Temple.
  6582 | Temple   | Entered the Ecumenical Temple
  6948 | D:6      | Noticed Pikel
  7152 | D:6      | Found a white marble altar of Elyvilon.
  7188 | D:6      | Killed Pikel
  7330 | D:6      | Received a gift from Nemelex Xobeh
  7728 | D:7      | Found a sacrificial altar of Ru.
  7728 | D:7      | Noticed a hippogriff
  7743 | D:7      | Killed a hippogriff
  7743 | D:7      | Reached XP level 9. HP: 56/56 MP: 12/12
  7874 | D:7      | Noticed Menkaure
  7884 | D:7      | Killed Menkaure
  8627 | D:7      | Reached *** piety under Nemelex Xobeh
  8761 | D:8      | Noticed a green ugly thing
  8780 | D:8      | Killed a green ugly thing
  9054 | D:8      | Found a shimmering altar of Xom.
  9191 | D:8      | Reached XP level 10. HP: 61/64 MP: 13/13
  9709 | D:8      | Received a gift from Nemelex Xobeh
  9713 | D:8      | Noticed a two-headed ogre
  9735 | D:8      | Slain by a two-headed ogre

Skill      XL: |  1  2  3  4  5  6  7  8  9 |
---------------+----------------------------+-----
Short Blades   | 2 3 4 5 7 9 |  9.5
Stealth        | 2 3 4 5 7 9 |  9.5
Fighting       | 2 3 4 5 6 7 |  7.9
Dodging        | |  2.1
Evocations     | |  3.0

Action                   |  1- 3 |  4- 6 |  7- 9 | 10-12 || total
-------------------------+-------+-------+-------+-------++-------
Melee: Short sword       |   114 |    70 |       |       ||   184
       Kick              |    34 |    29 |   101 |    17 ||   181
       Peck              |    19 |    12 |    63 |     7 ||   101
       Dagger            |       |    19 |   304 |    47 ||   370
 Abil: Fly               |       |       |       |     1 ||     1
Evoke: Wand              |       |     8 |    18 |    18 ||    44
       Deck              |       |     1 |     5 |     2 ||     8
  Use: Scroll            |       |    10 |     9 |     2 ||    21
       Potion            |       |     1 |     3 |       ||     4
 Stab: Sleeping          |     1 |     3 |     9 |       ||    13
       Confused          |       |     1 |       |       ||     1
       Paralysed         |       |       |       |     1 ||     1
  Eat: Chunk             |     5 |     3 |     9 |       ||    17
       Ration            |       |     1 |     2 |       ||     3
Armor: Leather armour    |    29 |    13 |    15 |       ||    57
       Ring mail         |       |       |    39 |    11 ||    50
Dodge: Dodged            |    74 |    48 |   134 |    23 ||   279
